| TOP OF THE 1ST |
|
University of South Carolina Gamecocks batting - Pitching for University of North Carolina at Chapel Hill Tar Heels : LHP Francisco Guerra
|
|
Pitching: LHP Francisco Guerra
|
|
|
Batting: RHB Mike Chiquete
|
0-0: SINGLE (Line Drive, 3D, EV 98.1 MPH)
|
|
Batting: RHB Mike Berzins
|
0-0: Foul Ball, location: 2F 0-1: SINGLE (Groundball, 56D, EV 95.0 MPH) Mike Chiquete to second
|
|
Batting: LHB Jose Mafano
|
0-0: Called Strike 0-1: Fly out, F2 (Popup, 15S, EV 78.8 MPH)
|
|
Batting: RHB Danny Rodriguez
|
0-0: Foul Ball, location: 2F 0-1: Ball 1-1: Fly out, F7 (Flyball, 78XD, EV 81.9 MPH) Runner from 2nd tags up, SAFE at 3rd, no throw by LF
|
|
Batting: RHB Emanuel Estrada
|
0-0: Ball 1-0: Ball 2-0: Called Strike 2-1: Foul Ball, location: 2F 2-2: Ball 3-2: Ground out 5-3 (Groundball, 5, EV 79.4 MPH)
|
| Top of the 1st over - 0 runs, 2 hits, 0 errors, 2 left on base; University of South Carolina 0 - University of North Carolina at Chapel Hill 0 |
| BOTTOM OF THE 1ST |
|
University of North Carolina at Chapel Hill Tar Heels batting - Pitching for University of South Carolina Gamecocks : LHP Tara Kawashima
|
|
Pitching: LHP Tara Kawashima
|
|
|
Batting: SHB Ryan Marsh
|
0-0: Fly out, F9 (Flyball, 9, EV 88.1 MPH)
|
|
Batting: RHB Bill Atley
|
0-0: Called Strike 0-1: Ball 1-1: Called Strike 1-2: Strikes out swinging
|
|
Batting: RHB Jeremy Rollins
|
0-0: Foul Ball, location: 2F 0-1: Ball 1-1: Ball 2-1: Foul Ball, location: 2F 2-2: Ball 3-2: Fly out, F9 (Flyball, 9D, EV 86.2 MPH)
|
| Bottom of the 1st over - 0 runs, 0 hits, 0 errors, 0 left on base; University of South Carolina 0 - University of North Carolina at Chapel Hill 0 |
| TOP OF THE 2ND |
|
University of South Carolina Gamecocks batting - Pitching for University of North Carolina at Chapel Hill Tar Heels : LHP Francisco Guerra
|
|
Batting: RHB Pablo Henriquez
|
0-0: Ball 1-0: Bunt for hit to 2L - play at first, batter safe!
|
|
Batting: LHB Bruce Daley
|
0-0: Called Strike 0-1: Foul Ball, location: 2F 0-2: Ball 1-2: SINGLE (Groundball, 4M, EV 94.4 MPH) Pablo Henriquez to second Runner from 2nd tries for 3rd, OUT! 8-5
|
|
Batting: RHB Colin Morris
|
0-0: SINGLE (Line Drive, 9LS, EV 88.8 MPH) Bruce Daley to second
|
|
Batting: RHB Mark Squires
|
0-0: Swinging Strike 0-1: Ball 1-1: Ball 2-1: Ball 3-1: Fielders Choice at 2nd, 3-6 (Groundball, 3, EV 83.8 MPH) Bruce Daley to third
|
|
Batting: RHB Mike Chiquete
|
0-0: Ball 1-0: Ground out 4-3 (Groundball, 4, EV 99.4 MPH)
|
| Top of the 2nd over - 0 runs, 3 hits, 0 errors, 2 left on base; University of South Carolina 0 - University of North Carolina at Chapel Hill 0 |
| BOTTOM OF THE 2ND |
|
University of North Carolina at Chapel Hill Tar Heels batting - Pitching for University of South Carolina Gamecocks : LHP Tara Kawashima
|
|
Batting: RHB Jonathan Winkler
|
0-0: SINGLE (Line Drive, 4D, EV 96.2 MPH)
|
|
Batting: RHB Paul Holland
|
0-0: Ball 1-0: Called Strike 1-1: Foul Ball, location: 2F 1-2: Ball Wild Pitch! Jonathan Winkler to second 2-2: Strikes out swinging
|
|
Batting: SHB Tom Auld
|
0-0: Called Strike 0-1: Ground out 5-3 (Groundball, 56, EV 88.8 MPH)
|
|
Batting: LHB Tim Wilton
|
0-0: Swinging Strike 0-1: Ball 1-1: Foul Ball, location: 2F 1-2: Foul Ball, location: 2F 1-2: Ball 2-2: Strikes out swinging
|
| Bottom of the 2nd over - 0 runs, 1 hit, 0 errors, 1 left on base; University of South Carolina 0 - University of North Carolina at Chapel Hill 0 |
| TOP OF THE 3RD |
|
University of South Carolina Gamecocks batting - Pitching for University of North Carolina at Chapel Hill Tar Heels : LHP Francisco Guerra
|
|
Batting: RHB Mike Berzins
|
0-0: Foul Ball, location: 2F 0-1: Swinging Strike 0-2: Ground out 6-3 (Groundball, 6, EV 99.4 MPH)
|
|
Batting: LHB Jose Mafano
|
0-0: Foul Ball, location: 2F 0-1: Swinging Strike 0-2: Ball 1-2: Ball 2-2: Ball 3-2: Strikes out looking
|
|
Batting: RHB Danny Rodriguez
|
0-0: Ball 1-0: Called Strike 1-1: Ball 2-1: Ground out 4-3 (Groundball, 4S, EV 93.1 MPH)
|
| Top of the 3rd over - 0 runs, 0 hits, 0 errors, 0 left on base; University of South Carolina 0 - University of North Carolina at Chapel Hill 0 |
| BOTTOM OF THE 3RD |
|
University of North Carolina at Chapel Hill Tar Heels batting - Pitching for University of South Carolina Gamecocks : LHP Tara Kawashima
|
|
Batting: RHB C.J. Fleet
|
0-0: Ball 1-0: Called Strike 1-1: Ball 2-1: Ball 3-1: Foul Ball, location: 2F 3-2: Foul Ball, location: 2F 3-2: Fly out, F5 (Line Drive, 5L, EV 63.1 MPH)
|
|
Batting: RHB James Bickel
|
0-0: Ground out 1-3 (Groundball, P, EV 65.6 MPH)
|
|
Batting: SHB Ryan Marsh
|
0-0: Ball 1-0: Foul Ball, location: 2F 1-1: Ball 2-1: Ground out 6-3 (Groundball, 6D, EV 98.8 MPH)
|
| Bottom of the 3rd over - 0 runs, 0 hits, 0 errors, 0 left on base; University of South Carolina 0 - University of North Carolina at Chapel Hill 0 |
| TOP OF THE 4TH |
|
University of South Carolina Gamecocks batting - Pitching for University of North Carolina at Chapel Hill Tar Heels : LHP Francisco Guerra
|
|
Batting: RHB Emanuel Estrada
|
0-0: Ball 1-0: Ball 2-0: Called Strike 2-1: Swinging Strike 2-2: Strikes out swinging
|
|
Batting: RHB Pablo Henriquez
|
0-0: Ball 1-0: Foul Ball, location: 2F 1-1: Called Strike 1-2: Foul Ball, location: 2F 1-2: Reached on error, E1 (Groundball, 13S, EV 74.4 MPH)
|
|
Batting: LHB Bruce Daley
|
0-0: Foul Ball, location: 2F 0-1: Ball Wild Pitch! Pablo Henriquez to third 1-1: Called Strike 1-2: Ball 2-2: Ground out 6-3 (Groundball, 6, EV 92.5 MPH) Pablo Henriquez scores
|
|
Batting: RHB Colin Morris
|
0-0: Swinging Strike 0-1: Ball 1-1: Foul Ball, location: 2F 1-2: Foul Ball, location: 2F 1-2: Foul Ball, location: 2F 1-2: Ball 2-2: Foul Ball, location: 2F 2-2: Foul Ball, location: 2F 2-2: Ground out 6-3 (Groundball, 6, EV 92.5 MPH)
|
| Top of the 4th over - 1 run, 0 hits, 1 error, 0 left on base; University of South Carolina 1 - University of North Carolina at Chapel Hill 0 |
| BOTTOM OF THE 4TH |
|
University of North Carolina at Chapel Hill Tar Heels batting - Pitching for University of South Carolina Gamecocks : LHP Tara Kawashima
|
|
Batting: RHB Bill Atley
|
0-0: Called Strike 0-1: Ball 1-1: Called Strike 1-2: Foul Ball, location: 2F 1-2: Ground out 6-3 (Groundball, 6, EV 78.8 MPH)
|
|
Batting: RHB Jeremy Rollins
|
0-0: Ball 1-0: Ball 2-0: Called Strike 2-1: Foul Ball, location: 2F 2-2: Foul Ball, location: 2F 2-2: SINGLE (Groundball, 6MD, EV 99.4 MPH)
|
|
Batting: RHB Jonathan Winkler
|
0-0: Ball 1-0: Ball 2-0: Ball 3-0: Called Strike 3-1: SINGLE (Line Drive, 89S, EV 87.5 MPH) Jeremy Rollins to second
|
|
Batting: RHB Paul Holland
|
0-0: Called Strike 0-1: Ball 1-1: Ball 2-1: Ball 3-1: Foul Ball, location: 2F 3-2: Foul Ball, location: 2F 3-2: Fly out, F8 (Flyball, 8LD, EV 97.5 MPH)
|
|
Batting: SHB Tom Auld
|
0-0: Fielders Choice at 2nd, 6-4 (Groundball, 6, EV 87.5 MPH)
|
| Bottom of the 4th over - 0 runs, 2 hits, 0 errors, 2 left on base; University of South Carolina 1 - University of North Carolina at Chapel Hill 0 |
| TOP OF THE 5TH |
|
University of South Carolina Gamecocks batting - Pitching for University of North Carolina at Chapel Hill Tar Heels : LHP Francisco Guerra
|
|
Batting: RHB Mark Squires
|
0-0: Swinging Strike 0-1: Ball 1-1: Ball 2-1: Foul Ball, location: 2F 2-2: SINGLE (Line Drive, 56D, EV 107.5 MPH)
|
|
Batting: RHB Mike Chiquete
|
0-0: Ball 1-0: Sac Bunt to P - play at first, batter OUT! 1-3 Mark Squires to second
|
|
Batting: RHB Mike Berzins
|
0-0: Ball 1-0: Foul Ball, location: 2F 1-1: Foul Ball, location: 2F 1-2: Ball 2-2: Ground out 3-1 (Groundball, 34, EV 86.9 MPH) Mark Squires to third
|
|
Batting: LHB Jose Mafano
|
0-0: Swinging Strike 0-1: Ball 1-1: Fly out, F7 (Flyball, 78XD, EV 90.0 MPH)
|
| Top of the 5th over - 0 runs, 1 hit, 0 errors, 1 left on base; University of South Carolina 1 - University of North Carolina at Chapel Hill 0 |
| BOTTOM OF THE 5TH |
|
University of North Carolina at Chapel Hill Tar Heels batting - Pitching for University of South Carolina Gamecocks : LHP Tara Kawashima
|
|
Batting: LHB Tim Wilton
|
0-0: Ball 1-0: Foul Ball, location: 2F 1-1: Foul Ball, location: 2F 1-2: Foul Ball, location: 2F 1-2: Ball 2-2: Ball 3-2: Base on Balls
|
|
Batting: RHB C.J. Fleet
|
0-0: Foul Ball, location: 2F 0-1: Ball 1-1: Ball 2-1: DOUBLE (Flyball, 78D, EV 108.1 MPH) Tim Wilton to third
|
|
Batting: RHB James Bickel
|
0-0: Called Strike 0-1: Called Strike 0-2: Ball 1-2: Fly out, F9 (Flyball, 9D, EV 93.8 MPH) Runner from 3rd tags up, SCORES, throw by RF C.J. Fleet to third
|
|
Batting: SHB Ryan Marsh
|
0-0: Called Strike 0-1: Ground out 6-3 (Groundball, 6, EV 83.1 MPH) C.J. Fleet scores
|
|
Batting: RHB Bill Atley
|
0-0: Ball 1-0: Called Strike 1-1: SOLO HOME RUN (Flyball, 7LD, EV 93.8 MPH), Distance : 350 ft
|
|
Batting: RHB Jeremy Rollins
|
0-0: Foul Ball, location: 2F 0-1: Swinging Strike 0-2: Ball 1-2: Foul Ball, location: 2F 1-2: Ball 2-2: Ball 3-2: Ground out 6-3 (Groundball, 6S, EV 85.6 MPH)
|
| Bottom of the 5th over - 3 runs, 2 hits, 0 errors, 0 left on base; University of South Carolina 1 - University of North Carolina at Chapel Hill 3 |
| TOP OF THE 6TH |
|
University of South Carolina Gamecocks batting - Pitching for University of North Carolina at Chapel Hill Tar Heels : LHP Francisco Guerra
|
|
Pitching: LHP Andrew Lowe
|
|
|
Batting: RHB Danny Rodriguez
|
0-0: Called Strike 0-1: Called Strike 0-2: Ball 1-2: SOLO HOME RUN (Flyball, 78XD, EV 105.0 MPH), Distance : 431 ft
|
|
Batting: RHB Emanuel Estrada
|
0-0: Ball 1-0: Ground out 3-1 (Groundball, 34, EV 109.4 MPH)
|
|
Batting: RHB Pablo Henriquez
|
0-0: Fly out, F3 (Line Drive, 3, EV 73.1 MPH)
|
|
Batting: LHB Bruce Daley
|
0-0: Fly out, F4 (Popup, 4S, EV 70.6 MPH)
|
| Top of the 6th over - 1 run, 1 hit, 0 errors, 0 left on base; University of South Carolina 2 - University of North Carolina at Chapel Hill 3 |
| BOTTOM OF THE 6TH |
|
University of North Carolina at Chapel Hill Tar Heels batting - Pitching for University of South Carolina Gamecocks : LHP Tara Kawashima
|
|
Pitching: RHP Silvian Mans
|
|
|
Batting: RHB Jonathan Winkler
|
0-0: Ground out 4-3 (Groundball, 4MD, EV 98.1 MPH)
|
|
Batting: RHB Paul Holland
|
0-0: Ball 1-0: Foul Ball, location: 2F 1-1: Ball 2-1: Fly out, F8 (Flyball, 8LM, EV 90.0 MPH)
|
|
Batting: SHB Tom Auld
|
0-0: Ball 1-0: Swinging Strike 1-1: Ball 2-1: Ball 3-1: Base on Balls
|
|
Batting: LHB Tim Wilton
|
0-0: Ball 1-0: Swinging Strike 1-1: Fielders Choice at 2nd, 6-4 (Groundball, 56, EV 83.1 MPH)
|
| Bottom of the 6th over - 0 runs, 0 hits, 0 errors, 1 left on base; University of South Carolina 2 - University of North Carolina at Chapel Hill 3 |
| TOP OF THE 7TH |
|
University of South Carolina Gamecocks batting - Pitching for University of North Carolina at Chapel Hill Tar Heels : LHP Andrew Lowe
|
|
Batting: RHB Colin Morris
|
0-0: Foul Ball, location: 2F 0-1: Ball 1-1: Ball 2-1: DOUBLE (Line Drive, 78D, EV 103.8 MPH)
|
|
Batting: RHB Mark Squires
|
0-0: Ball 1-0: Called Strike 1-1: Ground out U3 (Groundball, 3, EV 103.8 MPH) Colin Morris to third
|
|
Batting: RHB Mike Chiquete
|
0-0: Ball 1-0: Ball 2-0: Ball 3-0: Base on Balls
|
|
Pinch Hitting: RHB Jim Smallwood
|
0-0: Swinging Strike 0-1: Ball 1-1: Foul Ball, location: 2F 1-2: Ball 2-2: Foul Ball, location: 2F 2-2: Foul Ball, location: 2F 2-2: Strikes out swinging
|
|
Pitching: RHP Vince Sumpter
|
|
|
Pinch Hitting: RHB Carlos Viera
|
0-0: Ball 1-0: Fly out, F7 (Flyball, 78M, EV 92.5 MPH)
|
| Top of the 7th over - 0 runs, 1 hit, 0 errors, 2 left on base; University of South Carolina 2 - University of North Carolina at Chapel Hill 3 |
| BOTTOM OF THE 7TH |
|
University of North Carolina at Chapel Hill Tar Heels batting - Pitching for University of South Carolina Gamecocks : RHP Silvian Mans
|
|
Now in LF: Carlos Viera
|
|
|
Now in RF: Jim Smallwood
|
|
|
Batting: RHB C.J. Fleet
|
0-0: Ball 1-0: Ball 2-0: Foul Ball, location: 2F 2-1: Ball 3-1: SINGLE (Line Drive, 4D, EV 94.4 MPH)
|
|
Batting: RHB James Bickel
|
0-0: Fly out, F8 (Flyball, 8RM, EV 88.8 MPH)
|
|
Batting: SHB Ryan Marsh
|
0-0: Called Strike 0-1: Ball 1-1: Grounds into double play, 4-6-3 (Groundball, 4, EV 82.5 MPH)
|
| Bottom of the 7th over - 0 runs, 1 hit, 0 errors, 0 left on base; University of South Carolina 2 - University of North Carolina at Chapel Hill 3 |
| TOP OF THE 8TH |
|
University of South Carolina Gamecocks batting - Pitching for University of North Carolina at Chapel Hill Tar Heels : RHP Vince Sumpter
|
|
Batting: RHB Danny Rodriguez
|
0-0: Called Strike 0-1: Ball 1-1: Fly out, F7 (Flyball, 7LD, EV 108.8 MPH)
|
|
Batting: RHB Emanuel Estrada
|
0-0: Ball 1-0: Called Strike 1-1: Ball 2-1: Foul Ball, location: 2F 2-2: Foul Ball, location: 2F 2-2: Foul Ball, location: 2F 2-2: SOLO HOME RUN (Flyball, 7LD, EV 95.6 MPH), Distance : 357 ft
|
|
Batting: RHB Pablo Henriquez
|
0-0: Called Strike 0-1: Ground out 4-3 (Groundball, 34, EV 102.5 MPH)
|
|
Batting: LHB Bruce Daley
|
0-0: Reached on error, E6 (Groundball, 6, EV 82.5 MPH)
|
|
Batting: RHB Colin Morris
|
0-0: Called Strike 0-1: Ball 1-1: SINGLE (Line Drive, 89M, EV 88.1 MPH) Bruce Daley to second
|
|
Batting: RHB Mark Squires
|
0-0: Ball 1-0: Foul Ball, location: 2F 1-1: Fielders Choice at 2nd, 6-4 (Groundball, 6MD, EV 103.8 MPH)
|
| Top of the 8th over - 1 run, 2 hits, 1 error, 2 left on base; University of South Carolina 3 - University of North Carolina at Chapel Hill 3 |
| BOTTOM OF THE 8TH |
|
University of North Carolina at Chapel Hill Tar Heels batting - Pitching for University of South Carolina Gamecocks : RHP Silvian Mans
|
|
Batting: RHB Bill Atley
|
0-0: Called Strike 0-1: Swinging Strike 0-2: Strikes out swinging
|
|
Batting: RHB Jeremy Rollins
|
0-0: Called Strike 0-1: Ground out 6-3 (Groundball, 6, EV 99.4 MPH)
|
|
Batting: RHB Jonathan Winkler
|
0-0: Ball 1-0: Fly out, F7 (Flyball, 7S, EV 81.2 MPH)
|
| Bottom of the 8th over - 0 runs, 0 hits, 0 errors, 0 left on base; University of South Carolina 3 - University of North Carolina at Chapel Hill 3 |
| TOP OF THE 9TH |
|
University of South Carolina Gamecocks batting - Pitching for University of North Carolina at Chapel Hill Tar Heels : RHP Vince Sumpter
|
|
Pitching: RHP Berry Dow
|
|
|
Batting: RHB Mike Chiquete
|
0-0: Ball 1-0: Ball 2-0: Foul Ball, location: 2F 2-1: Fly out, F8 (Flyball, 8LD, EV 82.5 MPH)
|
|
Pinch Hitting: RHB Christopher Arnett
|
0-0: Ball 1-0: Ball 2-0: Foul Ball, location: 2F 2-1: Called Strike 2-2: Ball 3-2: Fly out, F8 (Line Drive, 78M, EV 103.1 MPH)
|
|
Batting: RHB Carlos Viera
|
0-0: Called Strike 0-1: Ball 1-1: Called Strike 1-2: Foul Ball, location: 2F 1-2: Strikes out swinging
|
| Top of the 9th over - 0 runs, 0 hits, 0 errors, 0 left on base; University of South Carolina 3 - University of North Carolina at Chapel Hill 3 |
| BOTTOM OF THE 9TH |
|
University of North Carolina at Chapel Hill Tar Heels batting - Pitching for University of South Carolina Gamecocks : RHP Silvian Mans
|
|
Pitching: RHP John Martin
|
|
|
Now in RF: Alex Vazquez
|
|
|
Batting: RHB Juan Mejia
|
0-0: Ground out 4-3 (Groundball, 4S, EV 84.4 MPH)
|
|
Batting: SHB Tom Auld
|
0-0: Called Strike 0-1: Ball 1-1: Ball 2-1: Swinging Strike 2-2: Strikes out swinging
|
|
Batting: LHB Tim Wilton
|
0-0: Ball 1-0: Ball 2-0: Ball 3-0: Called Strike 3-1: Foul Ball, location: 2F 3-2: Strikes out looking
|
| Bottom of the 9th over - 0 runs, 0 hits, 0 errors, 0 left on base; University of South Carolina 3 - University of North Carolina at Chapel Hill 3 |
| TOP OF THE 10TH |
|
University of South Carolina Gamecocks batting - Pitching for University of North Carolina at Chapel Hill Tar Heels : RHP Berry Dow
|
|
Batting: RHB Danny Rodriguez
|
0-0: Ball 1-0: Ball 2-0: Called Strike 2-1: Foul Ball, location: 2F 2-2: Strikes out looking
|
|
Batting: RHB Emanuel Estrada
|
0-0: Called Strike 0-1: DOUBLE (Groundball, 5L, EV 107.5 MPH)
|
|
Batting: RHB Pablo Henriquez
|
0-0: Swinging Strike 0-1: Called Strike 0-2: Foul Ball, location: 2F 0-2: Ground out 5-3 (Groundball, 56S, EV 80.0 MPH)
|
|
Pitching: RHP Ted Hurley
|
|
|
Batting: LHB Bruce Daley
|
0-0: Ball 1-0: Swinging Strike 1-1: Ball 2-1: Foul Ball, location: 2F 2-2: Ball 3-2: Ground out 6-3 (Groundball, 6, EV 85.6 MPH)
|
| Top of the 10th over - 0 runs, 1 hit, 0 errors, 1 left on base; University of South Carolina 3 - University of North Carolina at Chapel Hill 3 |
| BOTTOM OF THE 10TH |
|
University of North Carolina at Chapel Hill Tar Heels batting - Pitching for University of South Carolina Gamecocks : RHP John Martin
|
|
Batting: RHB C.J. Fleet
|
0-0: Swinging Strike 0-1: Foul Ball, location: 2F 0-2: Ball 1-2: Foul Ball, location: 2F 1-2: Ground out 2-3 (Groundball, 15S, EV 66.9 MPH)
|
|
Batting: RHB James Bickel
|
0-0: Foul Ball, location: 2F 0-1: SINGLE (Groundball, 56D, EV 98.8 MPH)
|
|
Batting: SHB Ryan Marsh
|
0-0: Foul Ball, location: 2F 0-1: Foul Ball, location: 2F 0-2: Ball 1-2: Ball 2-2: Ball 3-2: Strikes out swinging
|
|
Batting: RHB Bill Atley
|
0-0: Called Strike 0-1: Swinging Strike 0-2: Strikes out swinging
|
| Bottom of the 10th over - 0 runs, 1 hit, 0 errors, 1 left on base; University of South Carolina 3 - University of North Carolina at Chapel Hill 3 |
| TOP OF THE 11TH |
|
University of South Carolina Gamecocks batting - Pitching for University of North Carolina at Chapel Hill Tar Heels : RHP Ted Hurley
|
|
Batting: RHB Colin Morris
|
0-0: Ball 1-0: Ball 2-0: Foul Ball, location: 2F 2-1: Foul Ball, location: 2F 2-2: Ball 3-2: Base on Balls
|
|
Batting: RHB Mark Squires
|
0-0: Ball Wild Pitch! Colin Morris to second 1-0: Ground out 4-3 (Groundball, 4, EV 81.9 MPH) Colin Morris to third
|
|
Batting: RHB Mike Chiquete
|
0-0: Intentional Walk
|
|
Batting: LHB Alex Vazquez
|
0-0: Called Strike 0-1: Ball 1-1: Ball 2-1: Ball 3-1: SINGLE (Groundball, 56, EV 107.5 MPH) Colin Morris scores Mike Chiquete to second
|
|
Batting: RHB Carlos Viera
|
0-0: Fly out, F9 (Flyball, 89M, EV 81.2 MPH)
|
|
Batting: RHB Danny Rodriguez
|
0-0: 3-RUN HOME RUN (Flyball, 9D, EV 95.6 MPH), Distance : 377 ft
|
|
Pitching: RHP Jason Kaelber
|
|
|
Batting: RHB Emanuel Estrada
|
0-0: SINGLE (Groundball, 5S, EV 72.5 MPH) (infield hit)
|
|
Pinch Hitting: LHB John Harvey
|
0-0: Ball 1-0: SINGLE (Groundball, 6MS, EV 72.5 MPH) (infield hit) Emanuel Estrada to second
|
|
Batting: LHB Bruce Daley
|
0-0: Ball 1-0: Ball 2-0: Ball 3-0: Base on Balls Emanuel Estrada to third John Harvey to second
|
|
Batting: RHB Colin Morris
|
0-0: Ball 1-0: Foul Ball, location: 2F 1-1: Ball 2-1: DOUBLE (Line Drive, 7LS, EV 104.4 MPH) Emanuel Estrada scores John Harvey scores Bruce Daley to third
|
|
Batting: RHB Mark Squires
|
0-0: Ground out 6-3 (Groundball, 6, EV 89.4 MPH)
|
| Top of the 11th over - 6 runs, 5 hits, 0 errors, 2 left on base; University of South Carolina 9 - University of North Carolina at Chapel Hill 3 |
| BOTTOM OF THE 11TH |
|
University of North Carolina at Chapel Hill Tar Heels batting - Pitching for University of South Carolina Gamecocks : RHP John Martin
|
|
Now at 2B: John Harvey
|
|
|
Batting: RHB Jeremy Rollins
|
0-0: Ball 1-0: Called Strike 1-1: Swinging Strike 1-2: Foul Ball, location: 2F 1-2: Strikes out swinging
|
|
Batting: RHB Jonathan Winkler
|
0-0: Called Strike 0-1: DOUBLE (Groundball, 3L, EV 101.9 MPH)
|
|
Pitching: RHP Elijah McKay
|
|
|
Batting: RHB Juan Mejia
|
0-0: Ball 1-0: Ball 2-0: Ball 3-0: Base on Balls
|
|
Batting: SHB Tom Auld
|
0-0: Fielders Choice at 2nd, 1-6 (Groundball, 34S, EV 69.4 MPH) Jonathan Winkler to third
|
|
Batting: LHB Tim Wilton
|
0-0: Ball 1-0: Called Strike 1-1: Called Strike 1-2: Strikes out looking
|
| Bottom of the 11th over - 0 runs, 1 hit, 0 errors, 2 left on base; University of South Carolina 9 - University of North Carolina at Chapel Hill 3 |
|